 Dungeon Crawl Stone Soup version 0.25.0-10-g039870ee82 (webtiles) character file.

Game seed: 6955174835362306306

89646 Apogee the Grappler (level 15, -6/234 HPs)
             Began as a Troll Monk on June 23, 2020.
             Was the Champion of Makhleb.
             Mangled by a black mamba (10 damage)
             ... on level 1 of the Snake Pit.
             The game lasted 00:49:16 (20734 turns).

Apogee the Grappler (Troll Monk)                   Turns: 20734, Time: 00:49:16

Health: -6/234     AC: 27    Str: 34    XL:     15   Next: 49%
Magic:  0/18       EV:  1    Int:  4    God:    Makhleb [******]
Gold:   1683       SH: 12    Dex: 12    Spells: 14/16 levels left

rFire    + . .     SeeInvis .     - Unarmed
rCold    . . .     Gourm    +   p - +0 kite shield
rNeg     + + +     Faith    .   (armour currently unavailable)
rPois    +         Spirit   +   (helmet currently unavailable)
rElec    .         Reflect  .   (cloak currently unavailable)
rCorr    .         Harm     .   (gloves unavailable)
MR       +....     NoTele   +   (boots unavailable)
Stlth    ++........             B - amulet of guardian spirit
HPRegen  0.89/turn              t - ring of protection from fire
MPRegen  0.16/turn              Q - +6 ring of strength

@: lethally poisoned (-6 -> -8), tree-form
A: large, unfitting armour, dopey 1, fast metabolism 3, gourmand, regeneration 1
a: Minor Destruction, Lesser Servant of Makhleb, Major Destruction, Greater
Servant of Makhleb, Renounce Religion


You were on level 1 of the Snake Pit.
You worshipped Makhleb.
Makhleb was exalted by your worship.
You were not hungry.
You were a tree.
You visited 6 branches of the dungeon, and saw 24 of its levels.
You also visited: Gauntlet.

You collected 2112 gold pieces.
You spent 429 gold pieces at shops.

Inventory:

Missiles
 g - 600 stones
 q - 17 javelins
 x - 53 poisoned darts
 C - 41 boomerangs (quivered)
Armour
 p - a +0 kite shield (worn)
 u - a +2 hat of magic resistance (melded)
 A - a +0 troll leather armour (melded)
 T - a +2 robe of magic resistance
Jewellery
 m - an uncursed ring of stealth
 t - a ring of protection from fire (left branch)
 B - an amulet of guardian spirit (around neck)
 H - an uncursed ring of ice
 I - a +6 ring of dexterity
 Q - a +6 ring of strength (right branch)
 S - an uncursed ring of positive energy {unknown}
Wands
 j - a wand of disintegration (11)
 n - a wand of polymorph (4)
 s - a wand of iceblast (52)
 F - a wand of acid (11)
 G - a wand of digging (11)
 M - a wand of clouds (4)
 O - a wand of enslavement (25)
 P - a wand of paralysis (4)
Scrolls
 c - 10 scrolls of remove curse
 d - 8 scrolls of teleportation
 f - 6 scrolls of fog
 h - 7 scrolls of enchant armour
 i - 13 scrolls of identify
 k - a scroll of summoning
 r - 3 scrolls of fear
 v - a scroll of silence
 y - 2 scrolls of enchant weapon
 J - 3 scrolls of amnesia
 K - 3 scrolls of magic mapping
Potions
 a - a potion of cancellation
 e - 5 potions of brilliance
 l - a potion of flight
 o - 8 potions of curing
 w - a potion of lignification
 z - 3 potions of magic
 D - 2 potions of stabbing
 E - 3 potions of heal wounds
 L - 2 potions of might
 N - 4 potions of haste
Miscellaneous
 R - a tin of tremorstones (3/3)
Comestibles
 b - 44 rations


   Skills:
 - Level 12.0 Fighting
 - Level 5.0 Throwing
 - Level 11.2 Dodging
 - Level 1.0 Stealth
 - Level 9.0 Shields
 - Level 14.7 Unarmed Combat
 + Level 1.2 Spellcasting
 + Level 1.5 Translocations
 - Level 6.0 Evocations


You had 14 spell levels left.
You knew the following spells:

 Your Spells              Type           Power        Failure   Level  Hunger
a - Blink                 Tloc           N/A          38%         2    ###....

Your spell library contained the following spells:

 Spells                   Type           Power        Failure   Level  Hunger
 Magic Dart               Conj           #...         45%         1    ##.....
 Shock                    Conj/Air       #...         45%         1    ##.....
 Summon Small Mammal      Summ           #...         45%         1    ##.....
 Call Imp                 Summ           #.......     61%         2    ###....
 Slow                     Hex            #.......     61%         2    ###....
 Sublimation of Blood     Necr           #.........   61%         2    ###....
 Swiftness                Chrm/Air       #.......     61%         2    ###....
 Call Canine Familiar     Summ           #.......     83%         3    ####...
 Conjure Flame            Conj/Fire      #.......     83%         3    ####...
 Mephitic Cloud           Conj/Pois/Air  #.......     83%         3    ####...
 Static Discharge         Conj/Air       #.......     83%         3    ####...
 Summon Guardian Golem    Hex/Summ       #.......     83%         3    ####...
 Airstrike                Air            #.........   99%         4    #####..
 Dispel Undead            Necr           #.......     99%         4    #####..
 Summon Ice Beast         Ice/Summ       #.......     99%         4    #####..
 Summon Lightning Spire   Summ/Air       #.......     99%         4    #####..
 Lightning Bolt           Conj/Air       #.........   100%        5    ######.
 Death Channel            Necr           #.........   100%        6    #######


Dungeon Overview and Level Annotations

Branches:
Dungeon (13/15)            Temple (0/1) D:6            Lair (6/6) D:10
 Shoals (1/4) Lair:2        Snake (1/4) Lair:2        Slime (0/5) Lair:5
    Orc (2/2) D:11            Elf (1/3) Orc:2       Gauntlet (visited)
 Vaults: D:13-14

Altars:
Elyvilon
Makhleb
Nemelex Xobeh
Qazlal
Ru
Uskayaw
Wu Jian
Zin
The Shining One

Shops:
D:10 !   Orc:2 %[!!

Annotations:
D:4 3 runed translucent doors, bli's ghost, amateur OpTm
D:12 3 runed translucent doors, Raspi's ghost, journeyman HOFi
Lair:5 exclusion: 4 oklob plants
Snake:1 Roxanne


Innate Abilities, Weirdness & Mutations

You are too large for most types of armour.
((You have claws for hands.))
Your metabolism is lightning-fast.
You like to eat raw meat.
Your natural rate of healing is unusually fast.
((You are covered in fur. (AC +1)))
((You have extremely tough skin. (AC +3)))
((You have a pair of small antennae on your head.))
((You are partially covered in thin metallic scales. (AC +2)))
You are dopey. (Int -2)


Message History

You block the mana viper's attack.
The black mamba bites you but does no damage. x2
You smack the mana viper!
You kill the mana viper!
Makhleb accepts your kill.
You feel sick. You block the black mamba's attack. The black mamba bites you!
* * * LOW HITPOINT WARNING * * *
The black mamba bites you but does no damage.
You block the black mamba's attack.
You completely miss the black mamba.
You feel sick.
The black mamba bites you but does no damage. x2
You block the black mamba's attack. The black mamba bites you.
* * * LOW HITPOINT WARNING * * *
The black mamba bites you but does no damage.
Unknown command.
You barely miss the naga ritualist.
You feel sick. The black mamba bites you.
* * * LOW HITPOINT WARNING * * *
The black mamba bites you but does no damage. x2
The black mamba bites you!
You die...

####.# ##.....##..#....#######
#....####..........#...## ..
#.....##..............## ..
#..)...........^.....###..#. .#
##.(#.................# (... #..
#...#......#########..# ..S#.##.
##.(.#............^....##..#.%.#.
#<...#......†...SS.....#...##.#
#)...#..........♣N.....#...S##.
#....#....#.....SS....☼#..#...#
.(...##....#.......###.☼.......
....###....######### #.......##
....# #....## #....#### ....#
#.....# ....... ....# #.....#
#..###.... ....# #.....# #..#
..... ....# #.....# #... ....


You could see a naga ritualist and 4 black mambas.

Vanquished Creatures
  Jorgrun (Snake:1)
  Gastronok (D:11)
  A storm dragon (Lair:6)
  An emperor scorpion (Lair:6)
  A minotaur (Gauntlet)
  An ettin (Lair:5)
  Snorg (Lair:5)
  A fire dragon (Lair:5)
  2 hydras
  A catoblepas (Lair:6)
  A ghost crab (Gauntlet)
  A centaur warrior (D:9)
  An alligator snapping turtle (Shoals:1)
  An anaconda (Snake:1)
  3 ogre magi
  A tengu warrior (D:11)
  9 two-headed ogres (Orc:2)
  5 death yaks
  A naga sharpshooter (Snake:1)
  A shock serpent (Snake:1)
  2 deep elf knights (Orc:2)
  An unseen horror (D:11)
  2 sea snakes (Shoals:1)
  A deep elf archer (Orc:2)
  2 deep trolls (Orc:2)
  A naga ritualist (Snake:1)
  2 orc knights
  The ghost of Kold the Cleaver, a novice MiGl of Ru (D:6)
  8 mana vipers (Snake:1)
  2 oklob plants
  5 cyclopes
  A salamander (Snake:1)
  2 manticores
  An orc sorcerer (Orc:2)
  3 elephants (Lair:6)
  A water nymph (Shoals:1)
  A merfolk siren (Lair:2)
  7 black mambas
  16 spiny frogs
  A rime drake (Lair:6)
  A yaktaur (D:11)
  10 komodo dragons
  A freezing wraith (D:12)
  2 merfolk (Shoals:1)
  A wind drake (shapeshifter) (D:11)
  7 polar bears
  12 trolls
  3 dream sheep (Lair:6)
  3 hornets
  A slime creature (D:11)
  Grinder (D:4)
  13 blink frogs
  14 hippogriffs
  3 wraiths
  6 flying skulls (Gauntlet)
  2 wyverns
  A vampire (D:10)
  17 spriggans
  A basilisk (Lair:4)
  3 hogs (D:7)
  A human (D:7)
  19 yaks
  4 vampire mosquitoes (D:12)
  Menkaure (D:4)
  Edmund (D:6)
  3 wargs
  3 swamp worms (Gauntlet)
  6 nagas
  15 water moccasins
  A floating eye (Lair:5)
  18 porcupines
  9 orc warriors
  4 black bears
  8 sky beasts
  An eye of draining (D:8)
  A hornet zombie (D:9)
  2 ice beasts
  A phantom (D:7)
  27 ogres
  17 wolves (Lair:6)
  9 centaurs
  5 boggarts (Lair:6)
  13 crocodiles
  2 big kobolds
  17 bullfrogs
  A gnoll sergeant (D:9)
  6 scorpions
  3 wyvern skeletons
  5 killer bees (D:7)
  13 wights
  3 electric eels (Lair:4)
  A howler monkey (D:11)
  2 bullfrog zombies
  3 crimson imps
  2 hounds
  A centaur zombie (D:11)
  3 jellies
  2 quasits
  A bullfrog skeleton (D:11)
  3 centaur skeletons
  10 orc priests
  22 orc wizards
  A gnoll shaman (D:7)
  2 iguanas (D:5)
  8 worker ants
  2 worker ant zombies
  Robin (D:4)
  2 howler monkey skeletons
  9 gnolls
  7 adders
  2 shadow imps
  A worker ant simulacrum (D:11)
  2 oozes
  An adder skeleton (D:7)
  A worm (D:2)
  A dart slug (D:1)
  8 leopard geckos
  64 orcs
  6 bats
  7 giant cockroaches
  12 goblins
  12 hobgoblins
  17 jackals
  12 kobolds
  4 quokkas
  2 ball pythons
  2 frilled lizards
  2 leopard gecko skeletons
  A quokka skeleton (D:5)
  6 rats (D:2)
  A bush (Lair:5)
662 creatures vanquished.

Vanquished Creatures (others)
  4 fungi
  10 plants
  A withered plant (Gauntlet)
15 creatures vanquished.

Grand Total: 677 creatures vanquished

Notes
Turn   | Place    | Note
-------+----------+-------------------------------------------
     0 | D:1      | Apogee the Troll Monk began the quest for the Orb.
     0 | D:1      | Reached XP level 1. HP: 22/22 MP: 0/0
   154 | D:1      | Reached XP level 2. HP: 29/29 MP: 1/1
   260 | D:1      | Reached skill level 4 in Unarmed Combat
   658 | D:2      | Reached XP level 3. HP: 34/36 MP: 2/2
   949 | D:2      | Noticed a +0 dagger
   952 | D:2      | Noticed a +0 dagger
   986 | D:2      | Found a hide-covered altar of Uskayaw.
  1478 | D:3      | Reached XP level 4. HP: 44/44 MP: 3/3
  1512 | D:3      | Reached skill level 5 in Unarmed Combat
  1594 | D:3      | Found a burning altar of Makhleb.
  1600 | D:3      | Noticed an Executioner
  1603 | D:3      | Noticed an orange demon
  1603 | D:3      | Noticed a smoke demon
  1605 | D:3      | Became a worshipper of Makhleb the Destroyer
  1605 | D:3      | Reached * piety under Makhleb
  1605 | D:3      | Reached ** piety under Makhleb
  1960 | D:3      | Found a white marble altar of Elyvilon.
  1971 | D:3      | Reached XP level 5. HP: 23/50 MP: 4/4
  2166 | D:4      | Noticed Robin
  2192 | D:4      | Reached skill level 6 in Unarmed Combat
  2196 | D:4      | Killed Robin
  2260 | D:4      | Noticed an ogre
  2269 | D:4      | Killed an ogre
  2312 | D:4      | Reached skill level 7 in Unarmed Combat
  2312 | D:4      | Reached XP level 6. HP: 58/59 MP: 5/5
  2340 | D:4      | Noticed Grinder
  2346 | D:4      | Killed Grinder
  2374 | D:4      | Noticed Menkaure
  2381 | D:4      | Killed Menkaure
  2381 | D:4      | Reached skill level 8 in Unarmed Combat
  2381 | D:4      | Reached XP level 7. HP: 41/66 MP: 6/6
  2658 | D:4      | Found a runed translucent gate.
  2658 | D:4      | Found a runed translucent gate.
  2659 | D:4      | Found a runed translucent gate.
  2774 | D:4      | Noticed bli's ghost (amateur OpTm)
  3063 | D:5      | Entered Level 5 of the Dungeon
  3135 | D:5      | Reached skill level 9 in Unarmed Combat
  3291 | D:5      | Reached XP level 8. HP: 61/74 MP: 7/7
  3424 | D:5      | Found a glowing golden altar of the Shining One.
  3606 | D:5      | Reached skill level 10 in Unarmed Combat
  3616 | D:5      | Found a stormy altar of Qazlal.
  3695 | D:5      | Reached *** piety under Makhleb
  3952 | D:6      | Noticed Edmund
  3957 | D:6      | Killed Edmund
  4017 | D:6      | Reached skill level 11 in Unarmed Combat
  4264 | D:6      | Found a staircase to the Ecumenical Temple.
  4274 | D:6      | Found a runed translucent door.
  4281 | D:6      | Noticed Kold's ghost (novice MiGl)
  4316 | D:6      | Reached XP level 9. HP: 75/80 MP: 8/8
  4637 | D:7      | Reached skill level 12 in Unarmed Combat
  4828 | D:7      | Identified the Collected Works on Lethal Feathers
  4852 | D:7      | Found a sacrificial altar of Ru.
  4978 | D:7      | Reached **** piety under Makhleb
  5053 | D:7      | Reached skill level 13 in Unarmed Combat
  5374 | D:7      | Gained mutation: You are dopey. (Int -2) [potion of
                  | mutation]
  5374 | D:7      | Gained mutation: You have a pair of small antennae on your
                  | head. [potion of mutation]
  5374 | D:7      | Gained mutation: You are partially covered in thin metallic
                  | scales. (AC +2) [potion of mutation]
  5456 | D:8      | Reached skill level 14 in Unarmed Combat
  5561 | D:8      | Reached XP level 10. HP: 83/88 MP: 9/9
  6325 | D:9      | Reached ***** piety under Makhleb
  6678 | D:9      | Noticed a centaur warrior
  6694 | D:9      | Killed a centaur warrior
  6860 | D:9      | Reached skill level 5 in Fighting
  6876 | D:9      | Found an ornate altar of the Wu Jian Council.
  7282 | D:10     | Entered Level 10 of the Dungeon
  7293 | D:10     | Found a staircase to the Lair.
  7475 | D:10     | Reached XP level 11. HP: 103/107 MP: 8/10
  7533 | D:10     | Found a sparkling altar of Nemelex Xobeh.
  7885 | D:10     | Found Tunwafon's Distillery.
  7919 | Lair:1   | Entered Level 1 of the Lair of Beasts
  8220 | Lair:1   | Noticed a four-headed hydra
  8231 | Lair:1   | Killed an eight-headed hydra
  8541 | Lair:1   | Found a glowing silver altar of Zin.
  8932 | Lair:1   | Reached skill level 10 in Fighting
  9426 | Lair:2   | Reached XP level 12. HP: 128/128 MP: 11/11
  9689 | Lair:2   | Found a staircase to the Shoals.
  9757 | Lair:2   | Found a staircase to the Snake Pit.
 10418 | Lair:3   | Reached skill level 1 in Throwing
 10418 | Lair:3   | Reached skill level 1 in Shields
 11114 | D:11     | Found a staircase to the Orcish Mines.
 11310 | D:11     | You fall into a shaft and drop 1 floor!
 11310 | D:12     | Found Cicyib's Assorted Antiques.
 11663 | D:12     | Found a runed translucent gate.
 11664 | D:12     | Found a runed translucent gate.
 11881 | D:12     | Found a runed translucent gate.
 11881 | D:12     | Noticed Raspi's ghost (journeyman HOFi)
 11881 | D:12     | Noticed a 13-headed hydra
 11882 | D:12     | Noticed a 13-headed hydra
 11996 | D:13     | Noticed a death knight
 12135 | D:11     | Reached skill level 5 in Throwing
 12299 | D:11     | Reached ****** piety under Makhleb
 12364 | D:11     | Reached skill level 5 in Shields
 12376 | D:11     | Noticed a tengu warrior
 12407 | D:11     | Killed a tengu warrior
 12407 | D:11     | Reached XP level 13. HP: 77/139 MP: 5/12
 12588 | D:11     | Found a runed translucent door.
 13365 | D:6      | Killed Kold's ghost
 13479 | Orc:1    | Entered Level 1 of the Orcish Mines
 13479 | Orc:1    | Noticed Gastronok
 14257 | D:11     | Got a thick robe
 14258 | D:11     | Identified the +2 robe "Rilel" {Harm *Corrode +Fly} (You
                  | found it on level 11 of the Dungeon)
 14902 | Lair:5   | Found a staircase to the Slime Pits.
 14958 | Lair:5   | Got a slimy arbalest
 14959 | Lair:5   | Identified the +5 arbalest of Cackasse {elec, rN++ Int+2}
                  | (You found it on level 5 of the Lair of Beasts)
 14984 | Lair:5   | Noticed Snorg
 15007 | Lair:5   | Killed Snorg
 15112 | Lair:5   | Reached skill level 1 in Evocations
 15447 | Lair:5   | Noticed a fire dragon
 15447 | Lair:5   | an eight-headed hydra changed into a fire dragon
 15457 | Lair:5   | Killed a fire dragon
 15543 | Lair:5   | Noticed an ettin
 15543 | Lair:5   | an 11-headed hydra changed into an ettin
 15548 | Lair:5   | Killed an ettin
 15819 | Lair:6   | Entered Level 6 of the Lair of Beasts
 15974 | Lair:6   | Noticed an emperor scorpion
 15974 | Lair:6   | a seven-headed hydra changed into an emperor scorpion
 15983 | Lair:6   | Killed an emperor scorpion
 16098 | Lair:6   | Reached skill level 5 in Evocations
 16156 | Lair:6   | Reached XP level 14. HP: 100/148 MP: 8/17
 16660 | Lair:6   | Reached skill level 5 in Dodging
 17230 | Lair:6   | Noticed a storm dragon
 17230 | Lair:6   | a four-headed hydra changed into a storm dragon
 17242 | Lair:6   | Killed a storm dragon
 17863 | D:11     | Killed Gastronok
 18194 | Orc:2    | Entered Level 2 of the Orcish Mines
 18303 | Orc:2    | Found a gate leading to a gauntlet.
 18335 | Gauntlet | Entered a Gauntlet
 18335 | Gauntlet | Found a transporter.
 18335 | Gauntlet | Found a runed translucent door.
 18349 | Gauntlet | Found a runed translucent door.
 18353 | Gauntlet | Found a transporter.
 18355 | Gauntlet | Found a transporter.
 18364 | Gauntlet | Found a transporter.
 18366 | Gauntlet | Found a transporter.
 18377 | Gauntlet | Found a transporter.
 18390 | Gauntlet | Found a transporter.
 18403 | Gauntlet | Found a transporter.
 18410 | Gauntlet | Found a runed translucent door.
 18414 | Gauntlet | Found a transporter.
 18429 | Gauntlet | Found a transporter.
 18444 | Gauntlet | Found a transporter.
 18491 | Gauntlet | Found a transporter.
 18505 | Gauntlet | Found a transporter.
 18565 | Gauntlet | Found a transporter.
 18604 | Gauntlet | Identified the Grimoire of Flight
 18865 | Orc:2    | Found a staircase to the Elven Halls.
 19176 | Orc:2    | Reached XP level 15. HP: 123/156 MP: 7/18
 19187 | Orc:2    | Found Ely Vieh's Distillery.
 19190 | Orc:2    | Found Fixkuppu's Distillery.
 19199 | Orc:2    | Reached skill level 10 in Dodging
 19235 | Orc:2    | Found Vixaet's Antique Armour Emporium.
 19257 | Orc:2    | Found Quhyffyf's Food Shop.
 19312 | Orc:2    | Bought a potion of heal wounds for 80 gold pieces
 19312 | Orc:2    | Bought a potion of might for 64 gold pieces
 19312 | Orc:2    | Bought a potion of haste for 160 gold pieces
 19323 | Orc:2    | Bought an ichor-stained robe for 125 gold pieces
 19328 | Orc:2    | Identified the cursed +0 robe "Judi" {*Corrode rElec MR+}
                  | (You bought it in a shop on level 2 of the Orcish Mines)
 19431 | Elf:1    | Entered Level 1 of the Elven Halls
 19563 | Shoals:1 | Entered Level 1 of the Shoals
 19809 | Shoals:1 | HP: 1/156 [harpy (13)]
 19978 | Snake:1  | Entered Level 1 of the Snake Pit
 20133 | Snake:1  | Identified Roxanne's Grimoire of Changing
 20133 | Snake:1  | Noticed Roxanne
 20255 | Snake:1  | Noticed Jorgrun
 20264 | Snake:1  | Killed Jorgrun
 20441 | Snake:1  | Learned a level 2 spell: Blink
 20702 | Snake:1  | Reached skill level 1 in Translocations
 20708 | Snake:1  | Reached skill level 1 in Spellcasting
 20732 | Snake:1  | HP: 8/234 [black mamba (7)]
 20734 | Snake:1  | Mangled by a black mamba

Illustrated notes

Levels and vault maps discovered:
D:1:      minmay_arrival_arboretum_small, layout_basic
D:2:      layout_basic, dancing_weapons_uskayaw, serial_co_window_serial,
          co_window_paths_b, co_window_corner_a, co_window_corner_a,
          co_window_paths_a, co_window_paths_b, co_window_corner_b,
          co_window_corner_b, co_window_broadway_c, co_window_of_opportunity_b,
          co_window_corner_b, co_window_of_opportunity_b, glass_columns_a,
          glass_columns_c, glass_columns_a
D:3:      layout_loops_cross, lemuel_round_altar, makhleb_altar_promises_db
D:4:      cheibrodos_helix_gallery, layout_cave_pools,
          gammafunk_ghost_necromancy, serial_forest,
          infiniplex_forest_lined_corner, infiniplex_forest_clump_tiny,
          infiniplex_forest_lined_1, infiniplex_forest_split,
          infiniplex_forest_straight_2, infiniplex_forest_split,
          infiniplex_forest_diagonal, infiniplex_forest_end_double,
          infiniplex_forest_clump_curved, infiniplex_forest_end_double,
          uniq_robin, uniq_menkaure, uniq_grinder
D:5:      layout_cave_pods, grunt_qazlal_clouds, lemuel_doored_altar,
          first_ration
D:6:      layout_basic, minmay_temple_entry_antechambers, ebering_ghost_sewer_d,
          skrybe_limestone_x, minmay_misc_feat_iff,
          hangedman_abyss_or_decor_lesser_grid, uniq_edmund
D:7:      layout_basic, kennysheep_mini, grunt_livestock
D:8:      layout_loops_cross
D:9:      layout_basic, lemuel_crystal_altar
D:10:     layout_rooms, due_lair_maze_entry_diamond, serial_shops, shop,
          nemelex_xobeh_ov_fountains_minmay
D:11:     minmay_the_grid_triangle_9x9_recursive_3_mashed
          [minmay_the_grid_triangle_9x9_sprig,
          minmay_the_grid_triangle_9x9_sparse_checkered,
          minmay_the_grid_triangle_9x9_empty,
          minmay_the_grid_triangle_9x9_prize_top_heavy,
          minmay_the_grid_triangle_9x9_subtriangle,
          minmay_the_grid_triangle_9x9_minimal,
          minmay_the_grid_triangle_9x9_zippers_horizontal,
          minmay_the_grid_triangle_9x9_odd_lines,
          minmay_the_grid_triangle_9x9_intruding_spiral], layout_irregular_city
D:12:     layout_loops_cross, gammafunk_ghost_hydra_chop, serial_shops,
          nicolae_shop_crystal, kennysheep_generic_room_8
D:13:     layout_big_octagon, kennysheep_diamond, evilmike_minifort
Lair:1:   kb_forest_paths, layout_chaotic_city, lemuel_centaur_altar
Lair:2:   layout_loops_ring, minmay_shoals_entry_lonely_mermaid,
          guppyfry_snake_entry_garden, serial_bayou_shore_b, grunt_megastairs_1,
          lemuel_fruit_tree
Lair:3:   layout_chaotic_city, grunt_megastairs_5, lemuel_fruit_fields
Lair:4:   layout_long_grid, nicolae_quartered_pool_little,
          grunt_forest_small_clearings, lemuel_fruit_fields,
          serial_bayou_shore_a
Lair:5:   layout_hall_layers, minmay_slime_entry_oklob_open,
          serial_bayou_pond_e, disabler_island, uniq_snorg
Lair:6:   minmay_lair_end_enchanted_forest, layout_regular_city
Shoals:1: layout_shoals
Snake:1:  cheibrodos_forgotten_conduit, layout_grid_shapes, uniq_roxanne,
          uniq_jorgrun
Orc:1:    layout_caves, uniq_gastronok
Orc:2:    st_orc_open, layout_diamond_mine, gauntlet_entry_generic
Elf:1:    minmay_elf_arrival_circle, layout_geoelf_octagon, serial_shops,
          nicolae_shop_temple_entry_statues_fountains,
          kennysheep_underground_church

Skill      XL: |  1  2  3  4  5  6  7  8  9 10 11 12 13 14 15 |
---------------+----------------------------------------------+-----
Unarmed Combat | 4 5 7 8 9 11 14 | 14.7
Fighting       | 6 10 11 12 | 12.0
Throwing       | 5 |  5.0
Shields        | 5 9 |  9.0
Evocations     | 5 6 |  6.0
Dodging        | 9 11 | 11.2
Translocations | 1 |  1.5
Spellcasting   | 1 |  1.2
Stealth        | |  1.0

Action                   |  1- 3 |  4- 6 |  7- 9 | 10-12 | 13-15 || total
-------------------------+-------+-------+-------+-------+-------++-------
Melee: Unarmed           |    78 |    66 |   294 |   671 |  1034 ||  2143
       Punch             |       |     2 |    19 |    39 |       ||    60
Throw: Stone             |       |     5 |       |       |    45 ||    50
       Boomerang         |       |       |       |       |     6 ||     6
       Javelin           |       |       |       |       |     2 ||     2
Invok: Minor Destruction |       |       |       |       |     2 ||     2
Evoke: Wand              |       |       |       |     3 |    15 ||    18
  Use: Scroll            |     7 |       |     5 |     2 |    15 ||    29
       Potion            |       |     2 |     4 |     1 |     6 ||    13
 Stab: Sleeping          |     5 |     2 |     2 |     5 |       ||    14
       Invisible         |       |     3 |       |       |       ||     3
       Distracted        |       |       |       |       |     1 ||     1
  Eat: Chunk             |    19 |     8 |    29 |    62 |    68 ||   186
Armor: Robe              |    25 |    21 |    87 |    39 |       ||   172
       Troll leather arm |       |       |       |   180 |   229 ||   409
       Skin              |       |       |       |       |    50 ||    50
Dodge: Dodged            |    37 |    35 |   121 |   273 |   410 ||   876
Block: Kite shield       |       |       |       |    37 |   596 ||   633
